 Dungeon Crawl Stone Soup version 0.29.0-5-ge4962eb29e (webtiles) character file.

Game seed: 8098780002420923887

4 ProzacElf the Firebug (level 1, -1/14 HPs)
             Began as a Ghoul Fire Elementalist on Aug 29, 2022.
             Slain by a hobgoblin (5 damage)
             ... on level 1 of the Dungeon.
             The game lasted 00:01:02 (385 turns).

ProzacElf the Firebug (Ghoul Fire Elementalist)      Turns: 385, Time: 00:01:03

Health: -1/14      AC:  2    Str: 11    XL:     1   Next: 60%
Magic:  2/2        EV: 12    Int: 10    God:
Gold:   0          SH:  0    Dex:  9    Spells: 2/3 levels left

rFire   . . .      SeeInvis .   (no weapon)
rCold   + . .      Faith    .   (no shield)
rNeg    + + +      Spirit   .   a - +0 robe
rPois   ∞          Reflect  .   (no helmet)
rElec   .          Harm     .   (no cloak)
rCorr   .          Rampage  .   (no gloves)
Will    .....                   (no boots)
Stlth   ++........              (no amulet)
HPRegen 0.00/turn               (no ring)
MPRegen 0.08/turn               (no ring)

@: inhibited regen
A: claws 1, cold resistance 1, negative energy resistance 3, inhibited
regeneration, torment resistance 2, devour on kill
a: no special abilities


You were on level 1 of the Dungeon.
You visited 1 branch of the dungeon, and saw 1 of its levels.

Inventory:

Armour
 a - a +0 robe (worn)
 d - a +0 pair of gloves
Scrolls
 c - a scroll of identify {unknown}
Potions
 b - a potion of magic


   Skills:
 - Level 1.7 Dodging
 + Level 2.4 Stealth
 + Level 1.9 Spellcasting
 - Level 0.7 Conjurations
 - Level 2.4 Fire Magic


You had 2 spell levels left.
You knew the following spells:

 Your Spells              Type           Power      Damage    Failure   Level
a - Foxfire               Conj/Fire      16%        2x1d4     17%         1

Your spell library contained the following spells:

 Spells                   Type           Power      Damage    Failure   Level
 Scorch                   Fire           10%        2d6       19%         2
 Conjure Flame            Conj/Fire      4%         6-21      45%         3
 Inner Flame              Hex/Fire       3%         N/A       50%         3
 Flame Wave               Conj/Fire      4%         2d5       86%         4


Dungeon Overview and Level Annotations

Branches:
Dungeon (1/15)

Altars:


Innate Abilities, Weirdness & Mutations

You are immune to poison.
You have sharp fingernails.
Your flesh is cold resistant. (rC+)
You are immune to negative energy. (rN+++)
You do not regenerate when monsters are visible.
You are immune to unholy pain and torment.
You thrive by killing the living.


Message History

MP restored: 2 Ye closely miss tha jackal.
Tha jackal be almost dead.
Tha jackal barely misses ye.
Ye scratch tha jackal.
Ye kill tha jackal!
Ye start restin'.
HP restored.
Health restored: 14 Ye see 'ere a jackal skeleton.
Ye see 'ere a +0 pair o' gloves.
d - a +0 pair o' gloves A hobgoblin comes inta view.
A rat comes inta view.
Found a scroll labelled JYTOM EGHOZUCK.
Castin': Foxfire (safe; 17% risk o' failure) Confirm wit' . or Enter, or press ? or * ta list all spells.
Ye conjure some foxfire!
Tha hobgoblin shouts!
A hobgoblin comes inta view.
A rat comes inta view.
Ye now haf 1/2 mp.
Tha foxfire hits tha hobgoblin but does nay damage.
Tha foxfire hits tha hobgoblin.
Tha hobgoblin be moderately wounded.
Tha hobgoblin attacks as ye move away!
Tha hobgoblin hits ye.
Ye take 4 damage, an' haf 10/14 hp.
MASSIVE DAMAGE!!
Tha hobgoblin attacks as ye move away!
Tha hobgoblin barely misses ye.
Tha hobgoblin attacks as ye move away!
Tha hobgoblin hits ye.
Ye take 4 damage, an' haf 6/14 hp.
MASSIVE DAMAGE!!
Ye closely miss tha hobgoblin.
Tha hobgoblin be moderately wounded.
Tha hobgoblin hits ye.
* * * LOW HITPOINT WARNIN'
* * * Ye take 2 damage, an' haf 4/14 hp.
MP restored: 2 Ye barely miss tha hobgoblin.
Tha hobgoblin be moderately wounded.
Tha hobgoblin misses ye.
Tha hobgoblin attacks as ye move away!
Tha hobgoblin hits ye.
Ye die...

.. ....# ##.......# ...
#....# #.#.....# ..
#....# #..#..r#..#
.###....#####...#.#...#
#...........#.....###.#
#.............###r#...#
#.............# #g.#..#
#.............###...#.#
#.............@g#....#
#.............#gr..###
#.............######
####÷########## ##
##.## ###..#
.####...####....#
...#..~.÷#.....##
.~....~....~..8#
..~..~~~..~...##


You could see 2 hobgoblins and a rat.

Vanquished Creatures
  2 jackals (D:1)
  A frilled lizard (D:1)
  A rat (D:1)
4 creatures vanquished.

Vanquished Creatures (others)
  9 foxfires (D:1)
9 creatures vanquished.

Grand Total: 13 creatures vanquished

Notes
Turn   | Place    | Note
-------+----------+-------------------------------------------
     0 | D:1      | ProzacElf the Ghoul Fire Elementalist began the quest for
                  | the Orb.
     0 | D:1      | Reached XP level 1. HP: 14/14 MP: 2/2
   385 | D:1      | Slain by a hobgoblin

Illustrated notes

Levels and vault maps discovered:
D:1:      eino_arrival_water_star, layout_basic, ebering_ecumenical_altar_box,
          hangedman_decor_diamond_cutter

Action                   || total
-------------------------++-------
Melee: Unarmed           ||    21
 Cast: Foxfire           ||     6
Armor: Robe              ||     2
Dodge: Dodged            ||    21
